 Dungeon Crawl Stone Soup version 0.28.0-45-g0d030f2227 (webtiles) character file.

Game seed: 14272026605318211465

166 Peloso the Covered (level 5, -3/41 (47) HPs)
             Began as a Minotaur Fighter on Apr 5, 2022.
             Succumbed to a kobold brigand's curare-tipped dart
             ... in a sewer.
             The game lasted 00:02:12 (2543 turns).

Peloso the Covered (Minotaur Fighter)               Turns: 2543, Time: 00:02:13

HP:   -3/41 (47)    AC:  7    Str: 20    XL:     5   Next: 22%
MP:   4/4           EV:  9    Int:  5    God:
Gold: 54            SH:  5    Dex: 12    Spells: 4/4 levels left

rFire   . . .      SeeInvis .   a - +0 long sword
rCold   . . .      Faith    .   c - +0 buckler
rNeg    . . .      Spirit   .   b - +0 scale mail
rPois   .          Reflect  .   (helmet restricted)
rElec   .          Harm     .   (no cloak)
rCorr   .          Rampage  .   (no gloves)
Will    .....                   (no boots)
Stlth   ..........              (no amulet)
HPRegen 0.13/turn               (no ring)
MPRegen 0.09/turn               (no ring)

@: lethally poisoned (-3 -> -20), slowed, heavily drained, very slow
A: horns 2, retaliatory headbutt, hooves 1, MP-powered wands
a: no special abilities


You were in a sewer.
You visited 1 branch of the dungeon, and saw 3 of its levels.
You also visited: Sewer.

You collected 54 gold pieces.

Inventory:

Hand Weapons
 a - a +0 long sword (weapon)
Armour
 b - a +0 scale mail (worn)
 c - a +0 buckler (worn)
Jewellery
 j - a ring of fire
Scrolls
 e - a scroll of amnesia {unknown}
 f - a scroll of immolation {unknown}
 h - 2 scrolls of vulnerability {unknown}
 l - a scroll of enchant weapon {unknown}
 m - a scroll of fog {unknown}
 o - 3 scrolls of identify {unknown}
 r - a scroll of noise {unknown}
Potions
 d - a potion of might
 i - a potion of curing {unknown}
 k - a potion of brilliance {unknown}
 n - 2 potions of magic {unknown}
 p - a potion of flight {unknown}
 q - a potion of berserk rage {unknown}


   Skills:
 + Level 4.5 Fighting
 + Level 4.4 Long Blades
 + Level 4.6 Armour
 + Level 1.0 Dodging
 + Level 0.1 Stealth
 + Level 4.2 Shields


You had 4 spell levels left.
You didn't know any spells.
Your spell library contained the following spells:

 Spells                   Type           Power      Damage    Failure   Level
 Blink                    Tloc           0%         N/A       96%         2
 Dazzling Flash           Conj/Hex       0%         N/A       99%         3
 Lesser Beckoning         Tloc           0%         N/A       99%         3
 Iskenderun's Mystic Bla  Conj/Tloc      0%         2d3       100%        4
 Manifold Assault         Tloc           0%         N/A       100%        5
 Starburst                Conj/Fire      0%         6d3       100%        6


Dungeon Overview and Level Annotations

Branches:
Dungeon (3/15)              Sewer (1/1)

Altars:
Wu Jian


Innate Abilities, Weirdness & Mutations

You have a pair of horns on your head.
You reflexively headbutt those who attack you in melee.
You have large cloven feet.
You expend magic power (3 MP) to strengthen your wands.


Message History

The kobold brigand hits you with a +0 club.
You block the kobold brigand's attack.
Your unstable footing causes you to fumble your attack.
The kobold brigand shouts!
A kobold comes into view. It is wielding a +0 whip.
The kobold brigand closely misses you.
The kobold brigand hits you with a +0 club.
Unknown command.
Your unstable footing causes you to fumble your attack.
The kobold brigand hits you but does no damage. x2
Your unstable footing causes you to fumble your attack.
The kobold brigand splashes around in the water.
Unknown command.
Your unstable footing causes you to fumble your attack.
You feel yourself speed up.
The kobold brigand splashes around in the water.
The kobold brigand hits you but does no damage.
You see here a +1 short sword of draining.
The kobold brigand throws a curare-tipped dart.
The curare-tipped dart hits you.
You are poisoned.
You have difficulty breathing.
You feel yourself slow down.
The kobold brigand throws a curare-tipped dart.
The curare-tipped dart barely misses you.
* * * LOW HITPOINT WARNING * * *
You feel very sick.
The kobold brigand throws a curare-tipped dart.
The curare-tipped dart barely misses you.
You feel very sick.
The kobold brigand throws a curare-tipped dart.
The curare-tipped dart hits you.
You are lethally poisoned!
You have difficulty breathing.
* * * LOW HITPOINT WARNING * * *
You feel as though you will be slow longer.
Unknown command.
It was a potion of mutation.
You feel extremely strange.
You feel your magical essence link to the dungeon's wands.
Your feet thicken and deform.
You die...

#.....≈.# #.≈≈KK..# #≈≈≈≈≈≈≈#
#.≈≈≈≈≈.# #.≈≈≈≈≈≈# #.≈≈≈≈≈≈#
#.≈≈≈≈..#
#.≈≈≈≈≈.########################
#..K≈≈≈≈≈≈KK≈K≈@≈≈≈≈≈≈≈≈≈≈≈..†..
#..≈≈≈≈.########################
##.≈≈≈.## #.≈≈≈.# ###.≈≈≈.#
#∩..≈≈≈.# ###.≈≈≈.# #.≈≈≈.#
##≈≈≈##


You could see 2 kobold brigands and a kobold.

Vanquished Creatures
  A black bear (D:3)
  A gnoll (D:1)
  A worm (D:2)
  A dart slug (D:3)
  6 ball pythons
  3 endoplasms
  5 giant cockroaches
  9 goblins
  7 hobgoblins
  3 jackals (D:1)
  3 quokkas
  6 bats
  3 frilled lizards (D:1)
  6 kobolds
  4 rats
59 creatures vanquished.

Vanquished Creatures (others)
  2 demonic plants (D:2)
2 creatures vanquished.

Grand Total: 61 creatures vanquished

Notes
Turn   | Place    | Note
-------+----------+-------------------------------------------
     0 | D:1      | Peloso the Minotaur Fighter began the quest for the Orb.
     0 | D:1      | Reached XP level 1. HP: 19/19 MP: 0/0
   176 | D:1      | Reached XP level 2. HP: 27/27 MP: 1/1
   414 | D:1      | Reached XP level 3. HP: 33/33 MP: 2/2
  1433 | D:2      | Found a faded altar of an unknown god.
  1433 | D:2      | Noticed a rust devil
  1492 | D:2      | Found an ornate altar of the Wu Jian Council.
  2042 | D:3      | Reached XP level 4. HP: 40/40 MP: 3/3
  2061 | D:3      | Noticed a black bear
  2070 | D:3      | Killed a black bear
  2071 | D:3      | Reached skill level 1 in Dodging
  2071 | D:3      | Reached XP level 5. HP: 17/47 MP: 4/4
  2440 | D:3      | Found a glowing drain.
  2451 | Sewer    | Entered a sewer
  2542 | Sewer    | HP: 2/41 [asphyx]
  2543 | Sewer    | Gained mutation: You expend magic power (3 MP) to
                  | strengthen your wands. [potion of mutation]
  2543 | Sewer    | Gained mutation: You have large cloven feet. [potion of
                  | mutation]
  2543 | Sewer    | Succumbed to a kobold brigand's curare-tipped dart

Illustrated notes

Levels and vault maps discovered:
D:1:      zelgadis_glass_arrival_small, layout_basic, minmay_misc_feat_iff
D:2:      layout_loops_ring, dreamdust_ecumenical_altar_sealed_demon,
          basic_altar, grunt_ministairs_12
D:3:      layout_loops_corners, nemelex_diamond_rough_becter,
          portal_sewer_entry_b
Sewer:    sewer_kobolds

Skill      XL: |  1  2  3  4 |
---------------+-------------+-----
Armour         | 4 |  4.6
Shields        | 4 |  4.2
Long Blades    | 3 4 |  4.4
Fighting       | 4 |  4.5
Dodging        | 1 |  1.0
Stealth        | |  0.1

Action                   |  1- 3 |  4- 6 || total
-------------------------+-------+-------++-------
Melee: Long sword        |    94 |    35 ||   129
       Headbutt          |    15 |     4 ||    19
  Use: Potion            |       |     1 ||     1
Armor: Scale mail        |    53 |    19 ||    72
Dodge: Dodged            |    46 |    17 ||    63
Block: Buckler           |    19 |    11 ||    30
